 Dungeon Crawl Stone Soup version 0.30.0-29-ga12c61a403 (webtiles) character file.

Game seed: 7840599526766740747

73 H0rd4k the Charlatan (level 4, -1/32 HPs)
             Began as a Human Artificer on June 15, 2023.
             Slain by a gnoll
             ... wielding a +0 spear
              (8 damage)
             ... on level 2 of the Dungeon.
             The game lasted 00:01:11 (1204 turns).

H0rd4k the Charlatan (Human Artificer)              Turns: 1204, Time: 00:01:12

Health: -1/32      AC:  5    Str: 12    XL:     4   Next: 51%
Magic:  4/4        EV: 11    Int: 13    God:
Gold:   46         SH:  0    Dex: 14    Spells: 3/3 levels left

rFire   . . .        l - +0 flail
rCold   . . .        (no shield)
rNeg    . . .        b - +0 leather armour
rPois   .            g - +2 hat
rElec   .            (no cloak)
rCorr   .            (no gloves)
SInv    .            (no boots)
Will    .....        (no amulet)
Stlth   +            (no ring)
HPRegen 0.25/turn    (no ring)
MPRegen 0.09/turn

%: no passive effects
@: no status effects
A: no striking features
a: no special abilities


You were on level 2 of the Dungeon.
You visited 1 branch of the dungeon, and saw 2 of its levels.

You collected 46 gold pieces.

Inventory:

Hand Weapons
 l - a +0 flail (weapon)
Armour
 b - a +0 leather armour (worn)
 g - a +2 hat (worn)
Magical Staves
 n - a staff of cold
Wands
 c - a wand of flame (13) (quivered)
 d - a wand of charming (15)
 e - a wand of iceblast (4)
Scrolls
 h - a scroll of blinking {unknown}
 i - a scroll of enchant armour {unknown}
 k - 2 scrolls of teleportation {unknown}
 m - 3 scrolls of identify {unknown}
 p - a scroll of vulnerability {unknown}
Potions
 a - a potion of berserk rage {unknown}
 f - a potion of heal wounds {unknown}
 j - a potion of degeneration {unknown}
 o - a potion of brilliance {unknown}


   Skills:
 + Level 1.5 Fighting
 + Level 1.8 Maces & Flails
 - Level 2.0 Armour
 + Level 1.6 Dodging
 + Level 1.0 Stealth
 + Level 3.9 Evocations


You had 3 spell levels left.
You didn't know any spells.
Your spell library contained the following spells:

 Spells                   Type           Power      Damage    Failure   Level
 Sandblast                Erth           0%         2d4       36%         1
 Passwall                 Tmut/Erth      0%         N/A       52%         2
 Stone Arrow              Conj/Erth      0%         3d7       75%         3


Dungeon Overview and Level Annotations

Branches:
Dungeon (2/15)

Altars:

Shops:
D:2 :


Message History

3 gnolls come into view.
Found 32 gold pieces.
There are monsters nearby!
Found 24 gold pieces.
Found Itylleam's Book Shop.
The gnoll shouts! x3
The gnoll barely misses you. The gnoll hits you with a +0 spear.
There are monsters nearby!
The gnoll attacks as you move away! The gnoll hits you with a +0 spear.
The gnoll hits you from afar with a +0 spear.
Aiming: Iceblast
Press: ? - help, Shift-Dir - straight line The mass of ice explodes!
The iceblast engulfs the gnoll!
The gnoll is severely wounded.
The iceblast engulfs the gnoll!
You kill the gnoll!
The iceblast engulfs the gnoll!!
You kill the gnoll!
The iceblast engulfs the gnoll!
The gnoll is severely wounded.
You hear an angry hiss. x2
The gnoll hits you from afar with a +0 spear.
The gnoll closely misses you.
A hobgoblin comes into view.
You completely miss the gnoll.
The gnoll is severely wounded.
The gnoll barely misses you.
The gnoll hits you from afar with a +0 spear.
The gnoll hits you from afar with a +0 spear!
* * * LOW HITPOINT WARNING * * *
The gnoll hits you but does no damage.
Unknown command.
Aiming: Throw Flame
Press: ? - help, Shift-Dir - straight line, f - gnoll
Aim: a gnoll, wielding a +0 club (severely wounded, 75% to hit)
The puff of flame hits the gnoll.
The gnoll is almost dead.
The gnoll hits you with a +0 club.
* * * LOW HITPOINT WARNING * * *
The gnoll hits you from afar with a +0 spear!
You die...

#.#.####
##.#.#..
#....#.# #
#..###$# .
#>.....# #
#.####.# #.# #.#
##.####.###
.......@g)#
##.###<.$.)....#
..# #...g.....#
..# #...?.##.##
#.. .....## #
.g##### $$$ #$∩$


You could see 2 gnolls and a hobgoblin.

Vanquished Creatures
  3 gnolls
  A dart slug (D:1)
  2 ball pythons (D:1)
  3 endoplasms (D:1)
  A giant cockroach (D:2)
  A goblin (D:1)
  4 hobgoblins (D:1)
  7 jackals (D:1)
  2 quokkas
  4 bats (D:1)
  4 frilled lizards (D:1)
  6 kobolds
  A rat (D:1)
  A spectral goblin (D:1)
40 creatures vanquished.

Notes
Turn   | Place    | Note
-------+----------+-------------------------------------------
     0 | D:1      | H0rd4k the Human Artificer began the quest for the Orb.
     0 | D:1      | Reached XP level 1. HP: 15/15 MP: 1/1
   208 | D:1      | Reached XP level 2. HP: 11/21 MP: 2/2
   423 | D:1      | Reached XP level 3. HP: 26/26 MP: 3/3
   573 | D:1      | Reached skill level 1 in Maces & Flails
   665 | D:1      | Found a faded altar of an unknown god.
   794 | D:1      | Reached XP level 4. HP: 32/32 MP: 4/4
  1200 | D:2      | Found Itylleam's Book Shop.
  1204 | D:2      | Slain by a gnoll

Illustrated notes

Levels and vault maps discovered:
D:1:      dpeg_cavernosity, layout_basic,
          dreamdust_ecumenical_altar_drowned_temple
D:2:      layout_loops_ring, serial_shops, shop_coins

Skill      XL: |  1  2  3 |
---------------+----------+-----
Maces & Flails | 1 |  1.8
Fighting       | |  1.5
Armour         | |  2.0
Dodging        | |  1.6
Stealth        | |  1.0
Evocations     | |  3.9

Action                     |  1- 3 |  4- 6 || total
---------------------------+-------+-------++-------
  Melee: Club              |     6 |       ||     6
         Flail             |   121 |    12 ||   133
         Punch             |     1 |       ||     1
  Evoke: Wand              |     1 |     2 ||     3
   Stab: Sleeping          |     1 |       ||     1
 Armour: Leather armour    |    76 |     5 ||    81
  Dodge: Dodged            |   115 |    13 ||   128
